 Seeded DCSS version 0.30.0-5-g1a98f26d00 (webtiles) character file.

Game seed: 3992706449043051137 (custom seed)

441 GigaChad the Shield-Bearer (level 7, -9/55 HPs)
             Began as a Formicid Fighter on May 11, 2023.
             Was a Believer of Qazlal.
             Mangled by an orc warrior
             ... wielding a +2 heavy flail
              (12 damage)
             ... on level 4 of the Dungeon.
             The game lasted 00:05:39 (2539 turns).

GigaChad the Shield-Bearer (Formicid Fighter)       Turns: 2539, Time: 00:05:40

Health: -9/55      AC:  7    Str: 29    XL:     7   Next: 22%
Magic:  8/8        EV:  9    Int: 10    God:    Qazlal [**....]
Gold:   707        SH: 12    Dex: 13    Spells: 6/6 levels left

rFire   . . .        l - +11 mace of Crusades {venom, rPois Int+3 Stlth+}
rCold   . . .        o - +0 kite shield {reflect}
rNeg    . . .        b - +0 scale mail
rPois   +            (helmet unavailable)
rElec   .            (no cloak)
rCorr   .            (no gloves)
SInv    +            (no boots)
Will    .....        (no amulet)
Stlth   +            j - +6 ring of strength
HPRegen 0.29/turn    (no ring)
MPRegen 0.11/turn

%: reflection
@: no status effects
A: permanent stasis, dig shafts and tunnels, antennae 3, four strong arms
a: Dig, Shaft Self, Renounce Religion, Upheaval


You were on level 4 of the Dungeon.
You worshipped Qazlal.
Qazlal was pleased with you.
You visited 1 branch of the dungeon, and saw 4 of its levels.

You collected 826 gold pieces.
You spent 119 gold pieces at shops.

Inventory:

Hand Weapons
 a - a +0 war axe
 l - the +11 mace of Crusades (weapon) {venom, rPois Int+3 Stlth+}
   (You found it on level 2 of the Dungeon)

   Int:       It affects your intelligence (+3).
   rPois:     It protects you from poison.
   Stlth:     It makes you more stealthy.
Armour
 b - a +0 scale mail (worn)
 o - a +0 kite shield of reflection (worn)
Jewellery
 g - a ring of flight
 h - an amulet of faith
 j - a +6 ring of strength (left hand)
Scrolls
 e - a scroll of identify
 k - a scroll of immolation
 p - a scroll of magic mapping {unknown}
Potions
 c - a potion of heal wounds {unknown}
 d - 2 potions of might
 f - 2 potions of curing {unknown}
 i - 2 potions of flight {unknown}
 m - a potion of cancellation {unknown}
 n - a potion of mutation {unknown}
 q - a potion of magic {unknown}


   Skills:
 * Level 4.3 Fighting
 * Level 4.3(4.6) Axes
 * Level 2.3(3.6) Maces & Flails
 * Level 4.7 Armour
 * Level 5.2 Shields
 * Level 1.6 Invocations


You had 6 spell levels left.
You didn't know any spells.
Your spell library contained the following spells:

 Spells                   Type           Power      Damage    Failure   Level
 Summon Small Mammal      Summ           0%         N/A       80%         1
 Call Canine Familiar     Summ           0%         N/A       99%         3
 Summon Guardian Golem    Hex/Summ       0%         N/A       99%         3
 Summon Ice Beast         Ice/Summ       0%         N/A       100%        4
 Summon Mana Viper        Hex/Summ       0%         N/A       100%        5
 Monstrous Menagerie      Summ           0%         N/A       100%        7


Dungeon Overview and Level Annotations

Branches:
Dungeon (4/15)
 Temple: D:4-7

Altars:
Cheibriados
Qazlal

Shops:
D:1 [


Innate Abilities, Weirdness & Mutations

You cannot be hasted, slowed, berserked, paralysed or teleported.
You can dig through walls and to a lower floor.
You have a pair of large antennae on your head. (SInv)
Your four strong arms can wield two-handed weapons with a shield.


Message History

The orc warrior is moderately wounded.
You block the orc warrior's attack.
Unknown command.
You hit the orc warrior.
The orc warrior is poisoned.
The orc warrior is heavily wounded.
A giant cockroach comes into view.
The orc warrior hits you with a +2 heavy flail.
Unknown command.
You are too injured to fight recklessly!
Unknown command.
You are too injured to fight recklessly!
Unknown command.
You are too injured to fight recklessly!
Unknown command.
You are too injured to fight recklessly!
Unknown command.
You are too injured to fight recklessly!
You closely miss the orc warrior.
The orc warrior is heavily wounded.
Unknown command.
You closely miss the orc warrior.
The orc warrior is severely wounded.
The orc warrior hits you with a +2 heavy flail!
* * * LOW HITPOINT WARNING * * *
Unknown command.
You thump the orc warrior!
The orc warrior is almost dead.
The orc priest miscasts a cantrip.
The orc warrior hits you with a +2 heavy flail!
* * * LOW HITPOINT WARNING * * *
Unknown command.
You barely miss the orc warrior.
The orc warrior is almost dead.
You block the orc warrior's attack.
Unknown command.
Unknown command.
You completely miss the orc warrior.
The orc warrior is almost dead.
The orc warrior hits you with a +2 heavy flail!
You die...

#.#.#.#.# #...#.#.#
#.###.#.# #.....#.#
#######.# {
#.####################
#Booo@................
######################


You could see an orc warrior (poisoned), an orc priest, an orc and a giant
cockroach.

Vanquished Creatures
  Sigmund (D:3)
  2 orc priests
  Natasha (thrice) (D:2)
  Robin (D:2)
  4 adders
  2 worms
  2 dart slugs (D:1)
  4 orcs (D:3)
  6 bats
  4 endoplasms
  2 giant cockroaches
  16 goblins
  7 hobgoblins
  4 jackals (D:1)
  6 kobolds
  A quokka (D:1)
  4 ball pythons
  A frilled lizard (D:2)
  3 rats
73 creatures vanquished.

Notes
Turn   | Place    | Note
-------+----------+-------------------------------------------
     0 | D:1      | GigaChad the Formicid Fighter began the quest for the Orb.
     0 | D:1      | Reached XP level 1. HP: 18/18 MP: 1/1
   142 | D:1      | Reached XP level 2. HP: 12/24 MP: 2/2
   526 | D:1      | Found Luve's Armour Shoppe.
   717 | D:1      | Reached XP level 3. HP: 24/29 MP: 3/3
  1024 | D:1      | Found a faded altar of an unknown god.
  1033 | D:1      | Prayed at the altar of an unknown god.
  1033 | D:1      | Became a worshipper of Qazlal Stormbringer
  1033 | D:1      | Reached * piety under Qazlal
  1220 | D:2      | Found a snail-covered altar of Cheibriados.
  1249 | D:2      | Noticed Natasha
  1254 | D:2      | Killed Natasha
  1255 | D:2      | Reached XP level 4. HP: 33/37 MP: 4/4
  1329 | D:2      | Noticed Robin
  1330 | D:2      | Noticed Natasha
  1337 | D:2      | Killed Natasha
  1338 | D:2      | Reached XP level 5. HP: 31/42 MP: 5/5
  1345 | D:2      | Killed Robin
  1713 | D:2      | Reached ** piety under Qazlal
  1726 | D:2      | Identified the +11 mace of Crusades {venom, rPois Int+3
                  | Stlth+}
  1732 | D:2      | Noticed Natasha
  1741 | D:2      | Killed Natasha
  1993 | D:3      | Reached XP level 6. HP: 48/48 MP: 6/6
  2035 | D:3      | Identified a scroll of acquirement
  2035 | D:3      | Acquired 680 gold pieces
  2103 | D:1      | Bought a +0 kite shield of reflection for 119 gold pieces
  2319 | D:3      | Noticed Sigmund
  2322 | D:3      | Reached skill level 1 in Maces & Flails
  2330 | D:3      | Reached skill level 5 in Shields
  2344 | D:3      | Killed Sigmund
  2345 | D:3      | Reached skill level 1 in Invocations
  2345 | D:3      | Reached XP level 7. HP: 38/55 MP: 6/8
  2537 | D:4      | HP: 2/55 [orc warrior/+2 heavy flail (8)]
  2539 | D:4      | Mangled by an orc warrior

Illustrated notes

Levels and vault maps discovered:
D:1:      eino_arrival_water_star, layout_basic, ebering_ecumenical_altar_hall,
          serial_shops, shop
D:2:      layout_basic, basic_altar, uniq_natasha, uniq_robin
D:3:      layout_rooms, uniq_sigmund
D:4:      layout_basic, yredelemnul_altar_generic, uniq_blork_the_orc

Skill      XL: |  1  2  3  4  5  6 |
---------------+-------------------+-----
Axes           | 3 4 |  4.3
Armour         | 4 |  4.7
Fighting       | 4 |  4.3
Maces & Flails | 2 |  2.3
Shields        | 5 |  5.2
Invocations    | 1 |  1.6

Action                     |  1- 3 |  4- 6 |  7- 9 || total
---------------------------+-------+-------+-------++-------
  Melee: War axe           |    66 |    46 |       ||   112
         Mace              |       |    39 |    12 ||    51
    Use: Scroll            |     3 |     2 |       ||     5
 Armour: Scale mail        |    17 |    32 |       ||    49
  Dodge: Dodged            |    25 |    33 |       ||    58
  Block: Buckler           |    18 |    26 |       ||    44
         Kite shield       |       |    11 |     4 ||    15
